 Dungeon Crawl Stone Soup version 0.31.0-32-g396128a36d (webtiles) character file.

Game seed: 13050843149047694173

2 spaghetti the Trooper (level 1, -5/24 HPs)
             Began as an Oni Delver on Mar 8, 2024.
             Was an Initiate of Kikubaaqudgha.
             Slain by a sleepcap (9 damage)
             ... on level 5 of the Dungeon.
             The game lasted 00:00:49 (163 turns).

spaghetti the Trooper (Oni Delver)                   Turns: 163, Time: 00:00:50

Health: -5/24      AC:  3    Str: 15    XL:     1   Next: 40%
Magic:  1/1        EV:  1    Int: 11    God:    Kikubaaqudgha [......]
Gold:   0          SH:  0    Dex: 10    Spells: 0/0 levels left

rFire   . . .        a - +0 spear
rCold   . . .        (no shield)
rNeg    . . .        b - +0 robe
rPois   .            (helmet restricted)
rElec   .            (no cloak)
rCorr   .            (gloves unavailable)
SInv    .            (boots unavailable)
Will    .....        (no amulet)
Stlth   ++           (no ring)
HPRegen 0.24/turn    (no ring)
MPRegen 0.07/turn

%: no passive effects
@: sleeping, hasted
A: large, unfitting armour, horns 1, tough skin 1, double potion healing,
drunken brawling
a: Renounce Religion


You were on level 5 of the Dungeon.
You worshipped Kikubaaqudgha.
Kikubaaqudgha was noncommittal.
You visited 2 branches of the dungeon, and saw 3 of its levels.

Inventory:

Hand Weapons
 a - a +0 spear (weapon)
Armour
 b - a +0 robe (worn)
Wands
 g - a wand of digging (3)
Scrolls
 c - a scroll of fog
 e - a scroll of fear


   Skills:
 + Level 4.0 Fighting
 - Level 2.0 Polearms
 - Level 1.8 Dodging
 - Level 3.7 Stealth


You couldn't memorise any spells.
You didn't know any spells.
Your spell library was empty.

Dungeon Overview and Level Annotations

Branches:
Dungeon (5/15)             Temple (1/1) D:4

Altars:
Ashenzari
Cheibriados
Fedhas
Kikubaaqudgha
Nemelex Xobeh
Okawaru
Qazlal
Ru
Sif Muna
Xom
Zin
The Shining One

Annotations:
D:4 Edmund


Innate Abilities, Weirdness & Mutations

You are too large for most types of armour.
You have a pair of small horns on your head.
You have tough skin. (AC +1)
You gain doubled healing and magic from potions.
Whenever you drink a healing potion, you attack all around you.


Message History

You are too injured to fight recklessly!
You are too injured to fight recklessly!
You are too injured to fight recklessly!
You feel yourself speed up. The quokka bites you.
You closely miss the quokka.
You headbutt the quokka, but do no damage.
The quokka closely misses you.
You miss the quokka. The adder closely misses you.
You barely miss the quokka. The quokka bites you.
The adder bites you but does no damage.
You hit the quokka.
The quokka is severely wounded.
The quokka bites you. The adder bites you.
You hit the quokka but do no damage.
The quokka is severely wounded.
The quokka bites you.
* * * LOW HITPOINT WARNING * * *
The adder misses you.
You completely miss the quokka. Your headbutt misses the quokka.
The quokka is severely wounded.
The quokka bites you.
* * * LOW HITPOINT WARNING * * *
The adder closely misses you.
Okay, then.
You barely miss the adder. The adder bites you.
* * * LOW HITPOINT WARNING * * *
The adder attacks as it pursues you! The adder misses you.
The quokka twitches its whiskers.
There is a stone staircase leading down here.
You climb downwards.
There is a stone staircase leading up here.
You hit the sleepcap.
The sleepcap is lightly damaged.
The sleepcap releases spores at you.
* * * LOW HITPOINT WARNING * * *
You are engulfed in a cloud of soporific spores!
You fall asleep.
The sleepcap releases spores at you!
You die...
Kikubaaqudgha rasps: "You have failed me!
Welcome... death!"

,,,,,...................**,,*,,,,
,,***##.....#.#.$......#***,,,,,,
*,,*###.....#...........,,,,,,,**
*,,,#.###...#...........,,,,,,,*
*,,,....#..............#,,,,,***
,,,,#................###*,,,,,,*
,*,,*#...........)......,,,,,,**
**,,,...#.#>.....f...#,,,,**,**
*,,,,..##.#.....@...##,,,*****
,*,,,..............##**,,*
,,,,,....##..####...#*,,,**
,,,,,.........#.......,,,,**
*,,,,....###......#....#,,,*
,,**,.#..####.##..#....#,,**
*,,,,...####...#####...#,,,*
,,,,,,,,,,,,,,,* *#...,,,*
,,,,,,,,,,,,,,** **,*****


You could see a sleepcap.

Vanquished Creatures
  A dart slug (D:4)
1 creature vanquished.

Notes
Turn   | Place    | Note
-------+----------+-------------------------------------------
     0 | D:5      | spaghetti the Oni Delver began the quest for the Orb.
     0 | D:5      | Reached XP level 1. HP: 24/24 MP: 1/1
     2 | D:5      | Noticed a sleepcap
    12 | D:4      | Noticed Edmund
    19 | D:4      | Found a staircase to the Ecumenical Temple.
    28 | Temple   | Entered the Ecumenical Temple
    61 | Temple   | Became a worshipper of Kikubaaqudgha
   163 | D:5      | Slain by a sleepcap

Illustrated notes

Levels and vault maps discovered:
D:4:      layout_basic, nicolae_vehumet_radiance, minmay_temple_entry_junction,
          serial_shops, nicolae_shop_real_fake_doors, uniq_edmund
D:5:      layout_cave_pools, minitemple, gammafunk_ghost_abyssal_escape,
          uniq_duvessa, uniq_menkaure
Temple:   nicolae_temple_godzebo

Action                     || total
---------------------------++-------
  Melee: Spear             ||    13
         Headbutt          ||     1
    Use: Scroll            ||     1
         Potion            ||     1
 Armour: Robe              ||    15
  Dodge: Dodged            ||     7
